Map: Data-C

Players

A.I. 2 (Very Easy) - Winner!

  • Race: Zerg Zerg
  • Spawn Location: 3:00

Muckitos

  • Race: Terran Terran
  • League: Master
  • Spawn Location: 9:00

VOD

Have the link to the VOD?

Description

Time

  • Played on: Jan. 17, 2023, 10:25 a.m.
  • Length: 11:11
Show
View Real Time Build Order
Export as new Build Order

A.I. 2 (Very Easy) Zerg - Winner!

Build Orders: Hatch First 

Get SALT Encoding   

  12  0:00  Drone  
  13  0:12  Overlord  
  13  0:16  Drone  
  14  0:42  Hatchery  
  13  0:45  Drone  
  14  1:05  Spawning Pool  
  14  1:06  Extractor  
  14  1:09  Drone  
  13  1:16  Drone  
  14  1:21  Overlord  
  14  1:52  Zergling x2, Queen  
  17  1:55  Zergling x2  
  18  2:02  Roach Warren  
  18  2:05  Drone  
  18  2:09  Extractor  
  18  2:13  Drone  
  18  2:17  Zergling x2  
  18  2:22  Drone  
  20  2:29  Drone  
  21  2:36  Drone  
  22  2:43  Drone  
  23  2:50  Drone  
  24  2:55  Lair  
  24  2:58  Drone  
  25  3:26  Drone  
  26  3:33  Drone  
  27  3:40  Overlord, Drone  
  28  3:48  Drone  
  29  3:54  Spire  
  29  3:55  Drone  
  29  4:02  Drone  
  30  4:04  Overseer  
  30  4:09  Overseer, Drone  
  31  4:16  Drone  
  32  4:23  Drone  
  33  4:25  Overlord  
  33  4:30  Drone  
  34  4:38  Drone  
  35  4:44  Extractor  
  35  4:45  Drone  
  35  4:52  Extractor, Drone  
  36  4:59  Drone  
  36  5:06  Mutalisk, Drone  
  37  5:13  Drone  
  40  5:20  Drone  
  41  5:28  Drone  
  42  5:35  Drone  
  43  5:36  Overlord  
  43  5:42  Drone  
  44  5:45  Mutalisk  
  44  5:49  Drone  
  47  5:56  Drone  
  48  6:03  Drone  
  49  6:24  Overlord, Overseer  
  49  10:22  Roach, Pneumatized Carapace  
  49  10:23  Overlord x2, Overseer  
  44  10:45  Roach  
  44  10:46  Hydralisk Den  
  44  10:48  Drone  
Show
View Real Time Build Order
Export as new Build Order

Muckitos Terran 

Build Orders: Reaper Expand, Hellion Banshee 

Get SALT Encoding   

  12  0:00  SCV  
  13  0:12  SCV  
  14  0:17  Supply Depot  
  14  0:24  SCV  
  15  0:39  SCV, Barracks  
  16  0:43  Refinery  
  16  0:51  SCV  
  17  1:03  SCV  
  18  1:15  SCV  
  19  1:26  Reaper  
  19  1:28  Orbital Command  
  20  1:44  Command Center  
  20  1:53  SCV  
  21  1:58  Marine  
  22  2:02  Factory  
  23  2:09  SCV  
  23  2:10  Supply Depot  
  23  2:20  Barracks Reactor  
  23  2:32  SCV  
  24  2:40  Command Center  
  24  2:44  SCV  
  24  2:47  Refinery  
  25  2:57  Starport  
  25  3:01  SCV  
  26  3:06  Orbital Command  
  26  3:14  SCV  
  26  3:18  Hellion  
  29  3:21  Barracks Tech Lab  
  29  3:23  Hellion  
  29  3:26  SCV  
  32  3:38  SCV  
  32  3:39  Hellion  
  35  3:44  Hellion  
  35  3:45  Banshee  
  35  3:46  SCV  
  41  3:51  Cloaking Field  
  41  3:53  SCV  
  42  3:58  SCV  
  42  4:01  Orbital Command  
  43  4:05  SCV  
  43  4:06  Barracks Tech Lab  
  46  4:10  SCV, Hellion  
  46  4:13  Hellion  
  49  4:17  SCV  
  49  4:22  SCV  
  51  4:24  Supply Depot  
  51  4:26  SCV  
  51  4:27  Banshee  
  51  4:29  Stimpack  
  51  4:31  SCV  
  56  4:35  SCV  
  57  4:39  Barracks  
  57  4:42  Barracks  
  57  4:44  Factory Reactor, SCV  
  58  4:48  Supply Depot  
  58  4:50  SCV  
  58  4:51  SCV  
  60  4:56  SCV  
  61  5:00  Refinery  
  61  5:01  Refinery  
  61  5:02  SCV  
  61  5:03  SCV  
  61  5:07  Engineering Bay  
  63  5:08  SCV, Engineering Bay  
  64  5:14  SCV  
  64  5:15  SCV  
  64  5:17  Supply Depot  
  66  5:21  SCV  
  66  5:27  Starport Reactor, Marine x2  
  66  5:28  Barracks x2, Orbital Command  
  69  5:30  SCV  
  70  5:35  SCV  
  70  5:37  Terran Infantry Weapons Level 1, Terran Infantry Armor Level 1  
  70  5:40  Marine x3  
  74  5:43  Supply Depot  
  74  5:47  Siege Tank  
  74  5:49  SCV  
  79  5:53  Marine  
  79  5:54  Marine  
  79  5:55  SCV  
  82  6:01  SCV, Marine  
  82  6:03  Marine  
  85  6:05  Medivac  
  85  6:10  SCV, Supply Depot, Medivac  
  85  6:11  Marine  
  90  6:12  Supply Depot  
  90  6:13  Marine x2  
  90  6:15  Combat Shield  
  90  6:18  SCV  
  93  6:32  SCV x3, Armory, Marine, Siege Tank  
  100  6:33  Barracks Reactor  
  100  6:37  Supply Depot  
  100  6:39  Supply Depot  
  100  6:40  Barracks Reactor  
  100  6:44  SCV x3, Marine  
  100  6:45  Marine x2  
  106  6:53  Marine x2  
  108  6:56  SCV  
  108  6:59  SCV x2, Medivac x2  
  115  7:02  Supply Depot  
  115  7:03  Supply Depot, Marine x3  
  118  7:08  SCV  
  118  7:09  Marine, Siege Tank  
  118  7:10  Marine  
  118  7:11  SCV  
  125  7:19  SCV, Marine x3  
  125  7:22  Barracks  
  129  7:23  Barracks  
  129  7:25  Barracks  
  129  7:26  Marine x3  
  129  7:28  Marine x3  
  135  7:31  Terran Infantry Weapons Level 2  
  135  7:35  Supply Depot  
  138  7:40  Terran Infantry Armor Level 2  
  138  7:41  Supply Depot  
  135  7:45  Marine  
  135  7:46  Marine x5  
  141  7:51  Siege Tank  
  141  7:53  Marine x2  
  141  7:54  Marine  
  141  7:56  SCV  
  141  7:57  SCV  
  149  8:01  Refinery x2  
  149  8:04  Supply Depot  
  149  8:06  Supply Depot  
  149  8:07  Marine x2  
  149  8:08  Marine x3  
  149  8:10  Barracks Tech Lab  
  149  8:11  Barracks Tech Lab  
  154  8:14  Marine x2  
  154  8:15  Medivac  
  154  8:17  Barracks Tech Lab, Medivac  
  160  8:25  Marine x2  
  160  8:26  Marine  
  163  8:29  Marauder x3  
  163  8:33  Marine x4  
  173  8:36  Marine, Marauder  
  173  8:38  Concussive Shells  
  176  8:43  Marine  
  176  8:46  Marine x2  
  179  8:50  Marauder  
  181  8:56  Marauder x2  
  181  8:57  Supply Depot, Marauder  
  181  8:59  Supply Depot, Marine x2  
  189  9:19  Marine x6, Marauder  
  189  9:20  Marine  
  189  9:21  Marauder  
  200  10:06  Marine  
  199  10:07  Medivac, Marauder  
  199  10:08  Medivac  
  199  10:09  Siege Tank, Marauder  
Tags
 
Composition
Hellion Banshee
League
Master
Matchup
TvZ
Spawn Locations
Cross Positions
Add a new tag
Caveats
  • Supply blocks, unpowered buildings, or Contaminate may cause inaccurate times.
  • Supply counts are checked every 10 seconds.